 Dungeon Crawl Stone Soup version 0.27.1-34-g3ba077fa99 (webtiles) character file.

Game seed: 15565595894881639907

62 cbfl8 the Shield-Bearer (level 3, -1/33 HPs)
             Began as a Minotaur Fighter on Jan 25, 2022.
             Was an Initiate of Yredelemnul.
             Slain by an orc (4 damage)
             ... on level 3 of the Dungeon.
             The game lasted 00:06:27 (2109 turns).

cbfl8 the Shield-Bearer (Minotaur Fighter)          Turns: 2109, Time: 00:06:28

Health: -1/33      AC:  9    Str: 20    XL:     3   Next: 85%
Magic:  2/2        EV:  2    Int:  6    God:    Yredelemnul [......]
Gold:   74         SH:  9    Dex:  9    Spells: 2/2 levels left

rFire    . . .     SeeInvis .   e - +1 short sword (drain)
rCold    . . .     Faith    .   c - +0 kite shield
rNeg     . . .     Spirit   .   o - +0 chain mail
rPois    .         Reflect  .   (helmet restricted)
rElec    .         Harm     .   (no cloak)
rCorr    .         Rampage  .   (no gloves)
Will     .....                  (no boots)
Stlth    ..........             (no amulet)
HPRegen  0.11/turn              (no ring)
MPRegen  0.08/turn              (no ring)

@: mighty, lethally poisoned (-1 -> -2), constricted
A: horns 2, retaliatory headbutt
a: Renounce Religion


You were on level 3 of the Dungeon.
You worshipped Yredelemnul.
Yredelemnul was noncommittal.
You visited 1 branch of the dungeon, and saw 3 of its levels.

You collected 74 gold pieces.

Inventory:

Hand Weapons
 a - a +0 war axe
 e - a +1 short sword of draining (weapon)
Missiles
 g - 13 bolts
 i - 65 stones (quivered)
 m - 21 poisoned darts
Armour
 b - a +0 scale mail
 c - a +0 kite shield (worn)
 o - a +0 chain mail (worn)
Scrolls
 f - a scroll of magic mapping {unknown}
 h - a scroll of teleportation {unknown}
 j - a scroll of acquirement {unknown}
 n - a scroll of summoning {unknown}
 p - a scroll of identify {unknown}
Potions
 k - a potion of haste {unknown}
 l - a potion of lignification {unknown}


   Skills:
 + Level 4.1 Fighting
 + Level 1.3 Short Blades
 + Level 2.6 Axes
 + Level 4.3 Armour
 + Level 0.1 Stealth
 + Level 4.3 Shields


You had 2 spell levels left.
You didn't know any spells.
Your spell library contained the following spells:

 Spells                   Type           Power      Damage    Failure   Level
 Gell's Gravitas          Tloc           0%         N/A       100%        3
 Ignite Poison            Fire/Tmut/Pois 0%         N/A       100%        3
 Lesser Beckoning         Tloc           0%         N/A       100%        3
 Mephitic Cloud           Conj/Pois/Air  0%         N/A       100%        3
 Teleport Other           Tloc           0%         N/A       100%        3
 Bolt of Magma            Conj/Fire/Erth 0%         4d4       100%        5


Dungeon Overview and Level Annotations

Branches:
Dungeon (3/15)

Altars:
Yredelemnul


Innate Abilities, Weirdness & Mutations

You have a pair of horns on your head.
You reflexively headbutt those who attack you in melee.


Message History

You block the hobgoblin's attack.
You miss the adder. The orc hits you with a +0 short sword.
The adder bites you but does no damage. You block the orc's attack.
The hobgoblin hits you but does no damage.
The orc hits you but does no damage. The orc hits you with a +0 short sword.
The adder bites you.
You are poisoned.
The adder poisons you! You block the orc's attack.
You barely miss the adder.
You feel sick. The hobgoblin barely misses you. The orc barely misses you.
The adder bites you. You block the orc's attack.
The orc hits you with a +0 mace.
The hobgoblin hits you but does no damage.
Unknown command.
You hit the adder. You drain the adder.
The adder is severely wounded.
You feel sick. You block the adder's attack.
The ball python bites you but does no damage.
You block the ball python's attack. The orc hits you but does no damage.
The orc hits you with a +0 mace.
* * * LOW HITPOINT WARNING * * *
The adder barely misses you.
The hobgoblin hits you but does no damage.
The ball python bites you but does no damage.
The ball python barely misses you.
Okay, then.
You feel very mighty all of a sudden.
You feel sick. You block the adder's attack.
The orc hits you but does no damage. x2; The hobgoblin barely misses you.
The orc hits you but does no damage. The ball python bites you.
* * * LOW HITPOINT WARNING * * *
You block the ball python's attack.
You puncture the adder!
You kill the adder!
Yredelemnul accepts your kill.
You feel sick. The orc hits you but does no damage. The ball python bites you.
* * * LOW HITPOINT WARNING * * *
The ball python grabs you. The ball python constricts you.
The orc hits you with a +0 mace.
You die...
Your body rises from the dead as a mindless zombie.

#####$ #..... ....[.###
#..... ........# #.....
........+ +.....
........###########.....
........##..............
......S.##...........###
.....oo@o...............
.....oogoo.#########....
.......o...# #....
...........# #....
...........# #....
...(.......# #....
...........# #....
...........# #.... #..(.


You could see 8 orcs, a hobgoblin and a ball python.

Vanquished Creatures
  A gnoll (D:1)
  2 adders (D:3)
  A worm (D:2)
  A dart slug (D:2)
  3 bats
  5 endoplasms
  A giant cockroach (D:1)
  3 hobgoblins
  A quokka (D:1)
  6 ball pythons
  3 frilled lizards
  5 goblins
  6 kobolds
  3 rats (D:1)
41 creatures vanquished.

Vanquished Creatures (others)
  7 toadstools (D:1)
7 creatures vanquished.

Grand Total: 48 creatures vanquished

Notes
Turn   | Place    | Note
-------+----------+-------------------------------------------
     0 | D:1      | cbfl8 the Minotaur Fighter began the quest for the Orb.
     0 | D:1      | Reached XP level 1. HP: 19/19 MP: 0/0
   280 | D:1      | Reached XP level 2. HP: 27/27 MP: 1/1
   829 | D:1      | Reached XP level 3. HP: 29/33 MP: 2/2
  1355 | D:2      | Found a basalt altar of Yredelemnul.
  1371 | D:2      | Reached skill level 1 in Short Blades
  1373 | D:2      | Became a worshipper of Yredelemnul the Dark
  1606 | D:2      | Found a faded altar of an unknown god.
  2109 | D:3      | Slain by an orc

Illustrated notes

Levels and vault maps discovered:
D:1:      nagdon_arrival_zigzag_paths, layout_basic, grunt_decor_fettered,
          minmay_tetromino_s4
D:2:      layout_basic, basic_altar, hellmonk_ecumenical_altar_heavens_door,
          grunt_ministairs_13
D:3:      wander_river, layout_basic

Skill      XL: |  1  2  3 |
---------------+----------+-----
Armour         | 4 |  4.3
Fighting       | 4 |  4.1
Shields        | 4 |  4.3
Short Blades   | 1 |  1.3
Axes           | |  2.6
Stealth        | |  0.1

Action                   || total
-------------------------++-------
Melee: War axe           ||    13
       Short sword       ||    80
       Headbutt          ||     7
  Use: Potion            ||     1
Armor: Scale mail        ||    50
       Chain mail        ||    22
Dodge: Dodged            ||    36
Block: Kite shield       ||    73
